 Dungeon Crawl Stone Soup version 0.23.1 (webtiles) character file.

Game seed: 0

12987 Jannitor the Archer (level 11, -4/95 HPs)
             Began as a Centaur Chaos Knight on Mar 4, 2019.
             Was a Plaything of Xom.
             Slain by a sixfirhy (11 damage)
             ... on level 2 of the Abyss.
             The game lasted 00:30:06 (16140 turns).

Jannitor the Archer (Centaur Chaos Knight)         Turns: 16140, Time: 00:30:08

Health: -4/95      AC: 21    Str: 17 (18) XL:     11   Next: 69%
Magic:  11/11      EV: 17    Int:  9 (11) God:    Xom [.....*]
Gold:   752        SH:  0    Dex:  8 (10) Spells: 10/10 levels left

rFire    . . .     SeeInvis .   a - +1 dire flail (drain)
rCold    . . .     Gourm    .   (shield currently unavailable)
rNeg     . . .     Faith    .   x - +2 leather armour
rPois    .         Spirit   .   (helmet restricted)
rElec    .         Reflect  .   G - +2 cloak
rCorr    .         Harm     .   g - +0 pair of gloves
MR       .....     Rnd*Rage +   N - +0 centaur barding
Stlth    +.........             P - amulet of the acrobat
HPRegen  0.25/turn              R - +3 ring of evasion
MPRegen  0.12/turn              d - +5 ring of protection

@: agile, about to teleport, berserk cooldown, very slightly contaminated,
hasted and slowed, heavily drained, invisible, very quick
A: large, antennae 1, hooves 3, [berserk 2], [clumsy 2], deformed body, speed 2,
tough skin 3
a: Renounce Religion


You were on level 2 of the Abyss.
You worshipped Xom.
You were Xom's teddy bear.
You were not hungry.

You visited 3 branches of the dungeon, and saw 15 of its levels.
You visited the Abyss 1 time.

You collected 752 gold pieces.

Inventory:

Hand Weapons
 a - a +1 dire flail of draining (weapon)
 b - a +0 shortbow
 j - the +6 Majin-Bo {vamp, Archmagi MP+6 Int+6}
   (You acquired it on level 7 of the Dungeon)

   It inflicts no extra harm, but heals its wielder when it wounds a living foe.
   It affects your intelligence (+6).
   It affects your magic capacity (+6).
 w - a +2 whip of electrocution
 A - a +0 spear of chaos
Missiles
 y - 26 arrows
 B - 3 throwing nets (quivered)
Armour
 g - a +0 pair of gloves (worn)
 h - a +0 helmet
 x - a +2 leather armour (worn)
 G - a +2 cloak (worn)
 N - a +0 centaur barding (worn)
Jewellery
 d - a +5 ring of protection (right hand)
 i - an uncursed ring of magical power
 k - an uncursed amulet of harm
 q - an uncursed ring of positive energy
 t - an uncursed ring of protection from magic
 J - an uncursed ring of fire
 M - an uncursed ring of protection from cold
 P - an amulet of the acrobat (around neck)
 Q - an uncursed ring of flight
 R - a +3 ring of evasion (left hand)
Wands
 s - a wand of iceblast (4)
 D - a wand of polymorph (6)
 L - a wand of paralysis (6)
 O - a wand of random effects (5)
Scrolls
 e - 3 scrolls of amnesia
 l - a scroll of teleportation
 n - 8 scrolls of magic mapping
 p - a scroll of fog
 F - 8 scrolls of remove curse
Potions
 f - 3 potions of brilliance
 m - a potion of haste
 o - a potion of magic
 r - 4 potions of curing
 u - 3 potions of cancellation
 v - 2 potions of flight
 K - a potion of degeneration
Comestibles
 c - 23 rations


   Skills:
 + Level 8.8(7.1) Fighting
 + Level 5.8(4.2) Maces & Flails
 - Level 4.9(3.3) Polearms
 * Level 12.0(10.2) Bows
 + Level 6.5(4.9) Armour
 + Level 6.4(4.8) Dodging


You had 10 spell levels left.
You didn't know any spells.
Your spell library contained the following spells:

 Spells                   Type           Power        Failure   Level  Hunger
 Animate Skeleton         Necr           N/A          43%         1    ##.....
 Apportation              Tloc           #.....       43%         1    ##.....
 Beastly Appendage        Tmut           #.....       43%         1    ##.....
 Confusing Touch          Hex            #.....       43%         1    ##.....
 Summon Small Mammal      Summ           #...         43%         1    ##.....
 Call Imp                 Summ           #.......     58%         2    ###....
 Sticks to Snakes         Tmut           #.......     58%         2    ###....
 Call Canine Familiar     Summ           #.......     82%         3    ####...
 Spider Form              Tmut/Pois      #.........   82%         3    ####...
 Summon Guardian Golem    Hex/Summ       #.......     82%         3    ####...
 Ice Form                 Ice/Tmut       #.......     99%         4    #####..
 Summon Ice Beast         Ice/Summ       #.......     99%         4    #####..
 Summon Lightning Spire   Summ/Air       #.......     99%         4    #####..
 Blade Hands              Tmut           #.........   100%        5    ######.


Dungeon Overview and Level Annotations

Branches:
Dungeon (12/15)            Temple (1/1) D:4            Lair (2/6) D:8
    Orc (0/2) D:9
  Swamp: Lair:2-4    Shoals: Lair:2-4     Snake: Lair:2-4    Spider: Lair:2-4

Altars:
Ashenzari
Cheibriados
Dithmenos
Elyvilon
Fedhas
Gozag
Hepliaklqana
Kikubaaqudgha
Makhleb
Nemelex Xobeh
Okawaru
Qazlal
Ru
Sif Muna
Trog
Uskayaw
Vehumet
Wu Jian
Xom
Yredelemnul
Zin
The Shining One

Annotations:
D:9 3 runed translucent doors, tensugalgo's ghost, novice HaAs
D:12 Urug
Lair:2 exclusion: 2 oklob plants


Innate Abilities, Weirdness & Mutations

You have hooves in place of feet.
Armour fits poorly on your strangely shaped body.
You cover ground very quickly.
You have extremely tough skin. (AC +3)
You have a pair of small antennae on your head.
[You often lose your temper in combat.]
[You are very clumsy. (Dex -4)]


Message History

You feel better.
You feel better.
Evoke which item? (* to show all) (? for menu, Esc to quit)
Aiming: Paralyse
Press: ? - help, Shift-Dir - straight line, f/p - sixfirhy
Aim: a sixfirhy (chance to defeat MR: 15%)
The sixfirhy resists with almost no effort.
The sixfirhy barely misses you.
The sixfirhy hits you but does no damage.
The sixfirhy barely misses you. The sixfirhy hits you.
* * * LOW HITPOINT WARNING * * *
The sixfirhy shocks you!
* * * LOW HITPOINT WARNING * * *
You feel agile all of a sudden.
The sixfirhy hits you but does no damage.
The sixfirhy hits you!
* * * LOW HITPOINT WARNING * * *
The sixfirhy shocks you!
You die...
Xom howls with laughter!

... ..... ......
.. ... .. ..
..... ....
##...## ...# #.
#.....#.....
#..............
##3.# #.. #@#{#
.. ###..# # #.
#.# # # ###
3..## . # . #
#.#......# .
#..#.#...#.#
##..# ## .
#...#..#.#.#.##
#.. #.#....F##.#
#.#.FF. .
#...##.###...##.
.# #.


You could see a sixfirhy.

Vanquished Creatures
  A hydra (D:11)
  A two-headed ogre (D:11)
  A swamp dragon (D:11)
  Pikel (D:5)
  A spiny frog (Lair:1)
  A komodo dragon (Lair:2)
  3 trolls
  A hornet (D:10)
  6 hippogriffs
  4 blink frogs (Lair:2)
  A small abomination (Abyss:2)
  Sigmund (D:5)
  2 wyverns
  9 yaks
  A steam dragon (D:8)
  A basilisk (Lair:1)
  Edmund (D:5)
  An acid dragon (D:11)
  2 water moccasins
  A soldier ant (D:11)
  A porcupine (Lair:1)
  2 orc warriors
  An ogre (shapeshifter) (D:9)
  4 ice beasts
  A sky beast (D:12)
  3 phantoms
  5 ogres
  A necrophage (D:5)
  3 centaurs
  2 crocodiles
  3 big kobolds
  4 bullfrogs
  2 scorpions
  A water moccasin skeleton (D:6)
  5 killer bees (D:9)
  A howler monkey (D:8)
  A lava snake (D:7)
  4 crimson imps
  A bullfrog zombie (D:12)
  A centaur zombie (D:5)
  A quasit (D:9)
  3 hounds
  An iron imp (D:4)
  3 orc wizards
  3 bullfrog skeletons
  5 orc priests
  2 centaur skeletons
  2 iguanas
  Terence (D:2)
  A hell rat (D:8)
  14 worker ants
  A killer bee zombie (D:8)
  2 hound zombies
  6 gnolls
  8 adders
  2 shadow imps
  An adder zombie (D:6)
  2 oozes (D:5)
  An adder skeleton (D:8)
  4 worms
  3 dart slugs
  5 leopard geckos
  29 orcs
  6 giant cockroaches
  7 goblins
  6 hobgoblins (D:2)
  11 jackals
  20 kobolds
  8 quokkas
  2 ball pythons
  6 bats
  3 frilled lizards
  7 rats
262 creatures vanquished.

Vanquished Creatures (collateral kills)
  A komodo dragon (Lair:1)
  A warg (D:7)
  An ogre (D:5)
  5 wights (D:7)
  A leopard gecko (D:7)
  2 orcs (D:7)
  A frilled lizard (D:5)
12 creatures vanquished.

Vanquished Creatures (others)
  A slave (D:5)
  An ogre (D:5)
  A bullfrog zombie (D:5)
  2 hounds
  An orc wizard (D:5)
  2 quokkas (D:7)
  A kobold (D:11)
  A quokka skeleton (D:5)
  3 plants
  2 starspawn tentacles (Abyss:2)
15 creatures vanquished.

Grand Total: 289 creatures vanquished

Notes
Turn   | Place    | Note
-------+----------+-------------------------------------------
     0 | D:1      | Jannitor the Centaur Chaos Knight began the quest for the
                  | Orb.
     0 | D:1      | Reached XP level 1. HP: 19/19 MP: 1/1
   250 | D:1      | Reached XP level 2. HP: 26/26 MP: 2/2
   252 | D:1      | Reached skill level 1 in Dodging
   288 | D:1      | Noticed a shapeshifter
   288 | D:1      | a bat changed into a shapeshifter
   288 | D:1      | Noticed a troll
   288 | D:1      | a shapeshifter changed into a troll
   304 | D:1      | XOM: silly message
   384 | D:2      | Noticed Terence
   394 | D:2      | Killed Terence
   394 | D:2      | Reached XP level 3. HP: 29/31 MP: 3/3
   484 | D:2      | XOM: silly message
   632 | D:2      | Reached XP level 4. HP: 37/38 MP: 4/4
   682 | D:2      | XOM: mild Summ miscast
   704 | D:2      | XOM: silly message
  1392 | D:3      | Reached XP level 5. HP: 46/46 MP: 5/5
  1463 | D:3      | Found an opulent altar of Gozag.
  1463 | D:3      | Found a snail-covered altar of Cheibriados.
  1605 | D:4      | Noticed a phantom
  1615 | D:4      | XOM: cleaving
  1620 | D:4      | XOM: noise
  1677 | D:4      | XOM: 4-stop teleportation journey
  1712 | D:4      | Found a staircase to the Ecumenical Temple.
  1731 | Temple   | XOM: noise
  1731 | Temple   | Entered the Ecumenical Temple
  1934 | D:4      | XOM: confusion (+ monsters)
  1968 | D:4      | Noticed a phantom
  1969 | D:4      | XOM: confuse monster(s)
  2009 | D:4      | XOM: confusion
  2017 | D:4      | XOM: confuse monster(s)
  2038 | D:4      | XOM: mild Necr miscast
  2076 | D:3      | XOM: blink monster(s)
  2080 | D:3      | XOM: enchant monster (bad)
  2085 | D:3      | XOM: potion effect (brilliance)
  2093 | D:3      | Killed a phantom
  2093 | D:3      | Reached XP level 6. HP: 30/52 MP: 6/6
  2214 | D:4      | XOM: fake destruction
  2282 | D:4      | You fall through a shaft for 3 floors!
  2313 | D:6      | Noticed an orc warrior
  2323 | D:6      | XOM: swap monsters
  2325 | D:6      | XOM: scenery: create altars
  2335 | D:5      | Entered Level 5 of the Dungeon
  2373 | D:5      | XOM: harmless Hex miscast
  2631 | D:5      | XOM: summons friendly shadow imp
  2634 | D:5      | Reached XP level 7. HP: 58/60 MP: 7/7
  2646 | D:5      | XOM: medium Fire miscast
  2695 | D:5      | XOM: enchant monster (good)
  2840 | D:5      | Noticed Pikel
  2840 | D:5      | XOM: enchant monster (good)
  2856 | D:5      | XOM: enchant monster (good)
  2865 | D:5      | Reached skill level 5 in Fighting
  2868 | D:5      | Killed Pikel
  2948 | D:5      | XOM: summons 3 hostile demons
  3096 | D:5      | XOM: divination: detect items
  3230 | D:5      | Reached XP level 8. HP: 54/69 MP: 8/8
  3240 | D:5      | XOM: confuse monster(s)
  3445 | D:5      | Reached skill level 1 in Bows
  3530 | D:5      | Found a sacrificial altar of Ru.
  3553 | D:5      | Found a burning altar of Makhleb.
  3635 | D:5      | Noticed Edmund
  3657 | D:5      | Killed Edmund
  3657 | D:5      | Reached skill level 2 in Bows
  3779 | D:5      | Noticed Sigmund
  3786 | D:5      | Killed Sigmund
  3980 | D:6      | Reached skill level 1 in Maces & Flails
  3980 | D:6      | Reached skill level 3 in Bows
  4261 | D:6      | Found a sparkling altar of Nemelex Xobeh.
  4365 | D:6      | Reached skill level 4 in Bows
  4675 | D:6      | XOM: 2-stop teleportation journey
  4997 | D:6      | XOM: scenery: 1 doors close
  5192 | D:7      | Reached XP level 9. HP: 29/77 MP: 9/9
  5193 | D:7      | XOM: polymorph ice beast -> warg
  5198 | D:7      | Reached skill level 5 in Bows
  5866 | D:7      | Found a deep blue altar of Sif Muna.
  5904 | D:7      | XOM: 1-stop teleportation journey
  5941 | D:7      | Found a shimmering altar of Xom.
  5949 | D:7      | XOM: confuse monster(s)
  6001 | D:7      | XOM: destruction
  6002 | D:7      | XOM: repel stairs
  6127 | D:7      | Identified a scroll of acquirement
  6128 | D:7      | Found the +6 Majin-Bo {vamp, Archmagi MP+6 Int+6}
  6396 | D:8      | Noticed a death yak
  6454 | D:8      | Reached skill level 6 in Bows
  6513 | D:8      | XOM: swap monsters
  6518 | D:8      | XOM: medium Pois miscast
  6766 | D:8      | Reached skill level 5 in Armour
  6976 | D:8      | XOM: blink monster(s)
  7001 | D:8      | Reached skill level 7 in Bows
  7328 | D:8      | Noticed a death yak
  7328 | D:8      | Noticed a death yak
  7477 | D:8      | Found a staircase to the Lair.
  7505 | D:9      | Noticed a troll
  7512 | D:8      | Killed a troll
  7639 | D:9      | Noticed a glowing shapeshifter
  7639 | D:9      | a sky beast changed into a glowing shapeshifter
  7639 | D:9      | XOM: polymorph sky beast -> glowing shapeshifter
  7639 | D:9      | Noticed a cyclops
  7639 | D:9      | a glowing shapeshifter changed into a cyclops
  7643 | D:9      | Noticed a guardian serpent
  7643 | D:9      | a cyclops changed into a guardian serpent
  7644 | D:9      | XOM: 10-stop teleportation journey
  7735 | D:9      | XOM: torment (36/79 hp)
  8161 | D:9      | Reached skill level 5 in Dodging
  8398 | D:9      | XOM is BORED!
  8398 | D:9      | XOM: mild Conj miscast
  8483 | D:9      | XOM: scenery: create altars
  8842 | D:9      | XOM: confuse monster(s)
  8849 | D:9      | Noticed a rime drake
  8849 | D:9      | a blink frog changed into a rime drake
  8850 | D:9      | a rime drake changed into an ogre
  8880 | D:9      | Reached XP level 10. HP: 65/86 MP: 10/10
  9018 | D:9      | Found a staircase to the Orcish Mines.
  9052 | D:9      | Reached skill level 8 in Bows
  9064 | D:9      | Found a runed translucent gate.
  9064 | D:9      | Found a runed translucent gate.
  9064 | D:9      | Found a runed translucent gate.
  9282 | D:9      | Noticed tensugalgo's ghost (novice HaAs)
  9319 | D:9      | XOM: 2-stop teleportation journey
  9384 | D:9      | XOM: scenery: create altars
  9780 | D:10     | Entered Level 10 of the Dungeon
  9787 | D:10     | XOM: harmless Conj miscast
 10124 | D:10     | Reached skill level 9 in Bows
 10260 | D:10     | XOM: harmless Erth miscast
 10263 | D:10     | XOM: chaos upgrade
 10268 | D:10     | XOM: fake destruction
 10367 | D:10     | XOM: silly message
 10759 | D:11     | Noticed Erica
 10784 | D:11     | XOM: mild Hex miscast
 10803 | D:11     | Noticed Erica
 10803 | D:11     | Erica changed into Erica the swamp dragon
 10803 | D:11     | XOM: polymorph Erica -> Erica the swamp dragon
 10818 | D:11     | Killed Erica the swamp dragon
 11115 | D:11     | XOM is BORED!
 11115 | D:11     | XOM: summons 4 hostile shadow creatures
 11116 | D:11     | Noticed a brown ugly thing
 11257 | D:11     | XOM: god gift: 13 stones
 11290 | D:11     | Noticed a two-headed ogre
 11303 | D:11     | Killed a two-headed ogre
 11303 | D:11     | Reached skill level 10 in Bows
 11410 | D:11     | XOM: harmless Ice miscast
 11724 | D:11     | Noticed a six-headed hydra
 11728 | D:11     | XOM: mild Conj miscast
 11745 | D:11     | XOM: noise
 11771 | D:11     | XOM: cleaving
 11783 | D:11     | XOM: scenery: 3 doors open, 8 doors close
 11791 | D:11     | Killed a six-headed hydra
 11791 | D:11     | Reached skill level 5 in Maces & Flails
 11791 | D:11     | Reached XP level 11. HP: 93/93 MP: 11/11
 11850 | D:11     | XOM: summons 11 friendly demons
 11869 | D:11     | XOM: smoke on damage
 11966 | D:11     | XOM: 1-stop teleportation journey
 11970 | D:11     | XOM: god gift: scroll of amnesia
 12205 | D:11     | XOM: scenery: create altars
 12218 | D:11     | XOM: give mutation
 12218 | D:11     | Gained mutation: You have a pair of small antennae on your
                  | head. [Xom's grace]
 12681 | D:12     | XOM: fake destruction
 12696 | D:12     | Noticed a five-headed hydra
 12696 | D:12     | XOM: confusion
 12700 | D:12     | XOM: fog
 12703 | D:12     | Noticed an alligator
 12703 | D:12     | a five-headed hydra changed into an alligator
 12703 | D:12     | XOM: polymorph five-headed hydra -> alligator
 12705 | D:12     | XOM: divine lightning
 12747 | D:12     | Noticed Urug
 12829 | Lair:1   | Entered Level 1 of the Lair of Beasts
 12857 | Lair:1   | Reached skill level 11 in Bows
 13158 | Lair:1   | XOM: confusion
 13179 | Lair:1   | XOM: summons 9 friendly demons
 13475 | Lair:1   | XOM: torment (48/94 hp)
 13477 | Lair:1   | XOM: summons 1 hostile demon
 13553 | Lair:1   | XOM: enchant monster (bad)
 13676 | Lair:1   | XOM: mild Tloc miscast
 13743 | Lair:1   | Found a radiant altar of Vehumet.
 13780 | Lair:1   | XOM is BORED!
 13780 | Lair:1   | XOM: medium Tmut miscast
 14144 | Lair:1   | XOM: summons 2 hostile shadow creatures
 14145 | Lair:1   | Noticed a four-headed hydra
 14353 | Lair:1   | XOM: silly message
 14646 | Lair:2   | Noticed an oklob plant
 14646 | Lair:2   | Noticed an oklob plant
 14658 | Lair:2   | XOM: harmless Pois miscast
 14813 | Lair:2   | XOM: swap monsters
 14827 | Lair:2   | XOM: medium Tmut miscast
 14832 | Lair:2   | XOM: blink monster(s)
 14850 | Lair:2   | XOM: 2-stop teleportation journey
 15093 | Lair:2   | XOM: cleaving
 15101 | Lair:2   | Reached skill level 12 in Bows
 15483 | Lair:2   | Noticed a five-headed hydra
 15483 | Lair:2   | XOM: severe Summ miscast
 15483 | Lair:2   | Cast into level 2 of the Abyss (the severe capriciousness
                  | of Xom)
 15497 | Abyss:2  | Noticed a wizard
 15535 | Abyss:2  | XOM: confusion
 15595 | Abyss:2  | Noticed a wretched star
 15599 | Abyss:2  | Noticed a death drake
 15675 | Abyss:2  | Noticed a tentacled starspawn
 15719 | Abyss:2  | Noticed a thrashing horror
 15729 | Abyss:2  | Noticed a green very ugly thing
 15729 | Abyss:2  | Noticed a green ugly thing
 15737 | Abyss:2  | XOM: confuse monster(s)
 15766 | Abyss:2  | Noticed a large abomination
 15779 | Abyss:2  | XOM: swap monsters
 15780 | Abyss:2  | XOM: cast spell 'Call Canine Familiar'
 15889 | Abyss:2  | XOM: divine lightning
 15897 | Abyss:2  | XOM: confuse monster(s)
 15899 | Abyss:2  | Noticed a starcursed mass
 15916 | Abyss:2  | Noticed a tentacled starspawn
 15925 | Abyss:2  | XOM: polymorph smoke demon -> ynoxinul
 15927 | Abyss:2  | XOM: fog
 15929 | Abyss:2  | XOM: harmless Erth miscast
 15931 | Abyss:2  | Noticed a hell hog
 15938 | Abyss:2  | XOM: fake destruction
 15985 | Abyss:2  | Noticed a glowing orange brain
 15988 | Abyss:2  | XOM: enchant monster (good)
 15992 | Abyss:2  | XOM: cast spell 'Dispersal'
 16007 | Abyss:2  | Noticed a rakshasa
 16007 | Abyss:2  | Noticed a revenant
 16015 | Abyss:2  | Found a corrupted altar of Lugonu.
 16026 | Abyss:2  | Found a corrupted altar of Lugonu.
 16065 | Abyss:2  | XOM: confusion (+ monsters)
 16079 | Abyss:2  | XOM: enchant monster (good)
 16095 | Abyss:2  | Noticed a sixfirhy
 16117 | Abyss:2  | XOM: enchant monster (good)
 16127 | Abyss:2  | XOM: summons friendly ufetubus
 16128 | Abyss:2  | XOM: polymorph blink frog -> soldier ant
 16140 | Abyss:2  | Slain by a sixfirhy

Skill      XL: |  1  2  3  4  5  6  7  8  9 10 11 |
---------------+----------------------------------+-----
Dodging        | 1 2 3 4 5 6 |  6.4
Polearms       | 3 4 |  4.9
Armour         | 2 3 4 5 6 |  6.5
Fighting       | 4 5 6 7 8 |  8.8
Bows           | 4 7 10 12 | 12.0
Maces & Flails | 1 3 5 |  5.8

Action                   |  1- 3 |  4- 6 |  7- 9 | 10-12 || total
-------------------------+-------+-------+-------+-------++-------
Melee: Spear             |   103 |   205 |    48 |       ||   356
       Kick              |    18 |    39 |    67 |    59 ||   183
       Whip              |       |       |    35 |       ||    35
       Dire flail        |       |       |   254 |   295 ||   549
       Unarmed           |       |       |       |    11 ||    11
 Fire: Shortbow          |       |       |   162 |   221 ||   383
Evoke: Wand              |       |       |     5 |     6 ||    11
  Use: Scroll            |       |       |    19 |    12 ||    31
       Potion            |       |       |     2 |    17 ||    19
 Stab: Paralysed         |     1 |     4 |     2 |       ||     7
       Petrifying        |     1 |       |       |       ||     1
       Confused          |       |     6 |       |     1 ||     7
       Invisible         |       |       |       |     4 ||     4
  Eat: Chunk             |       |     4 |    10 |    11 ||    25
       Ration            |       |       |     2 |     3 ||     5
Armor: Leather armour    |    44 |    51 |   192 |   232 ||   519
       Skin              |       |       |       |     3 ||     3
Dodge: Dodged            |    51 |    64 |   291 |   265 ||   671
